TOP OF THE 1ST |
Sunset District Fog batting - Pitching for Sioux Falls Red Pandas : RHP Domingo Velasco
|
Pitching: RHP Domingo Velasco
|
|
Batting: RHB Juan Alcocer
|
0-0: Called Strike 0-1: Called Strike 0-2: Foul Ball, location: 2F 0-2: Ball 1-2: Ground out 5-3 (Groundball, 56S)
|
Batting: LHB Tim O'Neal
|
0-0: Ball 1-0: SINGLE (Groundball, 4MD)
|
Batting: LHB Ieyoshi Samurakami
|
0-0: Swinging Strike Throwing error on steal attempt, E2 Tim O'Neal to third 0-1: Foul Ball, location: 2F 0-2: Strikes out swinging
|
Batting: LHB Ed Berry
|
0-0: Swinging Strike 0-1: Ball 1-1: Called Strike 1-2: Ball 2-2: Ground out U3 (Groundball, 34)
|
Top of the 1st over - 0 runs, 1 hit, 1 error, 1 left on base; Sunset District 0 - Sioux Falls 0 |
BOTTOM OF THE 1ST |
Sioux Falls Red Pandas batting - Pitching for Sunset District Fog : RHP Luis Flores
|
Pitching: RHP Luis Flores
|
|
Batting: RHB Miguel Morán
|
0-0: Ball 1-0: Ball 2-0: Called Strike 2-1: Ground out 1-3 (Groundball, 15S)
|
Batting: RHB Oliver Aranda
|
0-0: Fly out, F5 (Popup, 25)
|
Batting: RHB Gary Chalmers
|
0-0: Ball 1-0: Fly out, F4 (Line Drive, 4M)
|
Bottom of the 1st over - 0 runs, 0 hits, 0 errors, 0 left on base; Sunset District 0 - Sioux Falls 0 |
TOP OF THE 2ND |
Sunset District Fog batting - Pitching for Sioux Falls Red Pandas : RHP Domingo Velasco
|
Batting: LHB Arnold England
|
0-0: Called Strike 0-1: Ball 1-1: Ball 2-1: Swinging Strike 2-2: Foul Ball, location: 2F 2-2: Strikes out swinging
|
Batting: RHB Gérard Chesnutt
|
0-0: Foul Ball, location: 2F 0-1: Ball 1-1: Foul Ball, location: 2F 1-2: Ball 2-2: Ball 3-2: Strikes out looking
|
Batting: LHB Jesús De Jesús
|
0-0: Ball 1-0: Ball 2-0: Ball 3-0: Base on Balls
|
Batting: RHB Silvian Burger
|
0-0: Ball 1-0: Foul Ball, location: 2F 1-1: Called Strike 1-2: Strikes out swinging
|
Top of the 2nd over - 0 runs, 0 hits, 0 errors, 1 left on base; Sunset District 0 - Sioux Falls 0 |
BOTTOM OF THE 2ND |
Sioux Falls Red Pandas batting - Pitching for Sunset District Fog : RHP Luis Flores
|
Batting: LHB Terrence Eler
|
0-0: Ball 1-0: Called Strike 1-1: Ball 2-1: Swinging Strike 2-2: Ball 3-2: Base on Balls
|
Batting: RHB Steve Irwin
|
0-0: Called Strike 0-1: Ball 1-1: Ball 2-1: Called Strike 2-2: Foul Ball, location: 2F 2-2: Foul Ball, location: 2F 2-2: Fly out, F5 (Line Drive, 5)
|
Batting: LHB Ramón Félix
|
0-0: Called Strike 0-1: Called Strike 0-2: SINGLE (Line Drive, 34S) Terrence Eler to second
|
Batting: LHB Jorge Vélez
|
0-0: SINGLE (Line Drive, 6) Terrence Eler to third Ramón Félix to second Runner from 3rd tries for Home, SAFE, no throw
|
Batting: RHB Bernardo Herrera
|
0-0: Ball 1-0: Fly out, F7 (Flyball, 78D)
|
Batting: RHB Wilfred McLaughlin
|
0-0: Ball 1-0: Ball 2-0: Called Strike 2-1: Foul Ball, location: 2F 2-2: SINGLE (Groundball, 56D) Ramón Félix to third Jorge Vélez to second Runner from 3rd tries for Home, SAFE, no throw
|
Batting: RHB Miguel Morán
|
0-0: Called Strike 0-1: Foul Ball, location: 2F 0-2: Fly out, F3 (Popup, 3F)
|
Bottom of the 2nd over - 2 runs, 3 hits, 0 errors, 2 left on base; Sunset District 0 - Sioux Falls 2 |
TOP OF THE 3RD |
Sunset District Fog batting - Pitching for Sioux Falls Red Pandas : RHP Domingo Velasco
|
Batting: RHB Tom Woolever
|
0-0: Ball 1-0: Foul Ball, location: 2F 1-1: Ball 2-1: Foul Ball, location: 2F 2-2: Fly out, F7 (Line Drive, 78D)
|
Batting: RHB Juan Alcocer
|
0-0: Ball 1-0: SINGLE (Groundball, 15S) (infield hit)
|
Batting: LHB Tim O'Neal
|
0-0: DOUBLE (Flyball, 8LXD) Juan Alcocer to third Runner from 3rd tries for Home, SAFE, no throw
|
Batting: LHB Ieyoshi Samurakami
|
0-0: Foul Ball, location: 2F 0-1: Ball 1-1: Foul Ball, location: 2F 1-2: SINGLE (Groundball, 4MD) Tim O'Neal to third Runner from 3rd tries for Home, throw and OUT! Ieyoshi Samurakami to second
|
Batting: LHB Ed Berry
|
0-0: Swinging Strike 0-1: Foul Ball, location: 2F 0-2: Ground out U3 (Groundball, 3)
|
Top of the 3rd over - 1 run, 3 hits, 0 errors, 1 left on base; Sunset District 1 - Sioux Falls 2 |
BOTTOM OF THE 3RD |
Sioux Falls Red Pandas batting - Pitching for Sunset District Fog : RHP Luis Flores
|
Batting: RHB Oliver Aranda
|
0-0: Called Strike 0-1: Foul Ball, location: 2F 0-2: Ball 1-2: Ball 2-2: Strikes out swinging
|
Batting: RHB Gary Chalmers
|
0-0: Called Strike 0-1: Ball 1-1: Fly out, F9 (Flyball, 9S)
|
Batting: LHB Terrence Eler
|
0-0: Foul Ball, location: 2F 0-1: Ball 1-1: Called Strike 1-2: Ball 2-2: Strikes out swinging
|
Bottom of the 3rd over - 0 runs, 0 hits, 0 errors, 0 left on base; Sunset District 1 - Sioux Falls 2 |
TOP OF THE 4TH |
Sunset District Fog batting - Pitching for Sioux Falls Red Pandas : RHP Domingo Velasco
|
Batting: LHB Arnold England
|
0-0: Ball 1-0: DOUBLE (Line Drive, 9LD)
|
Batting: RHB Gérard Chesnutt
|
0-0: Ball 1-0: Foul Ball, location: 2F 1-1: Ball 2-1: Reached on error, E6 (Groundball, 6) Arnold England to third
|
Batting: LHB Jesús De Jesús
|
0-0: Foul Ball, location: 2F 0-1: Called Strike 0-2: Ball 1-2: Foul Ball, location: 2F 1-2: Foul Ball, location: 2F 1-2: Fly out, F9 (Flyball, 9S)
|
Pitching: RHP Cris Herrera
|
|
Batting: RHB Silvian Burger
|
0-0: Ball 1-0: Ball 2-0: Called Strike 2-1: Fly out, F5 (Line Drive, 56)
|
Batting: RHB Tom Woolever
|
0-0: Called Strike 0-1: Called Strike 0-2: Ball 1-2: Foul Ball, location: 2F 1-2: Foul Ball, location: 2F 1-2: Ball 2-2: DOUBLE (Groundball, 5L) Arnold England scores Gérard Chesnutt to third Runner from 3rd tries for Home, SAFE, no throw
|
Batting: RHB Juan Alcocer
|
0-0: Called Strike 0-1: Ball 1-1: Called Strike 1-2: Ground out 5-3 (Groundball, 2L)
|
Top of the 4th over - 2 runs, 2 hits, 1 error, 1 left on base; Sunset District 3 - Sioux Falls 2 |
BOTTOM OF THE 4TH |
Sioux Falls Red Pandas batting - Pitching for Sunset District Fog : RHP Luis Flores
|
Batting: RHB Steve Irwin
|
0-0: Foul Ball, location: 2F 0-1: Ball 1-1: Ball 2-1: Ball 3-1: Swinging Strike 3-2: Foul Ball, location: 2F 3-2: Base on Balls
|
Batting: LHB Ramón Félix
|
0-0: Ball 1-0: Ball 2-0: Foul Ball, location: 2F 2-1: Called Strike 2-2: Fly out, F8 (Flyball, 8RM)
|
Batting: LHB Jorge Vélez
|
0-0: Foul Ball, location: 2F 0-1: Ball 1-1: Ground out 6-3 (Groundball, 6S) Steve Irwin to second
|
Batting: RHB Bernardo Herrera
|
0-0: DOUBLE (Line Drive, 9D) Steve Irwin scores
|
Batting: RHB Wilfred McLaughlin
|
0-0: Called Strike 0-1: Swinging Strike 0-2: Foul Ball, location: 2F 0-2: Foul Ball, location: 2F 0-2: Ball Wild Pitch! Bernardo Herrera to third 1-2: Ball 2-2: Foul Ball, location: 2F 2-2: Foul Ball, location: 2F 2-2: Ball 3-2: Fly out, F1 (Line Drive, 13)
|
Bottom of the 4th over - 1 run, 1 hit, 0 errors, 1 left on base; Sunset District 3 - Sioux Falls 3 |
TOP OF THE 5TH |
Sunset District Fog batting - Pitching for Sioux Falls Red Pandas : RHP Cris Herrera
|
Batting: LHB Tim O'Neal
|
0-0: Ball 1-0: Foul Ball, location: 2F 1-1: Ball 2-1: Ball 3-1: SINGLE (Line Drive, 89S)
|
Batting: LHB Ieyoshi Samurakami
|
0-0: Ball 1-0: Foul Ball, location: 2F 1-1: Called Strike 1-2: Strikes out looking
|
Batting: LHB Ed Berry
|
0-0: Called Strike 0-1: Ball 1-1: Called Strike 1-2: Ball 2-2: Foul Ball, location: 2F 2-2: Ball 3-2: Strikes out looking
|
Batting: LHB Arnold England
|
Pickoff Throw to First - Out!
|
Top of the 5th over - 0 runs, 1 hit, 0 errors, 0 left on base; Sunset District 3 - Sioux Falls 3 |
BOTTOM OF THE 5TH |
Sioux Falls Red Pandas batting - Pitching for Sunset District Fog : RHP Luis Flores
|
Batting: RHB Miguel Morán
|
0-0: Called Strike 0-1: Ground out 6-3 (Groundball, 6)
|
Batting: RHB Oliver Aranda
|
0-0: Ball 1-0: Ball 2-0: Called Strike 2-1: Foul Ball, location: 2F 2-2: Fly out, F7 (Line Drive, 7)
|
Batting: RHB Gary Chalmers
|
0-0: Ball 1-0: Swinging Strike 1-1: Foul Ball, location: 2F 1-2: Foul Ball, location: 2F 1-2: Ball 2-2: Strikes out swinging
|
Bottom of the 5th over - 0 runs, 0 hits, 0 errors, 0 left on base; Sunset District 3 - Sioux Falls 3 |
TOP OF THE 6TH |
Sunset District Fog batting - Pitching for Sioux Falls Red Pandas : RHP Cris Herrera
|
Batting: LHB Arnold England
|
0-0: Ball 1-0: Ground out U3 (Groundball, 3)
|
Batting: RHB Gérard Chesnutt
|
0-0: Ball 1-0: Fly out, F8 (Flyball, 8RXD)
|
Batting: LHB Jesús De Jesús
|
0-0: Called Strike 0-1: Ball 1-1: Ball 2-1: Called Strike 2-2: Ball 3-2: Foul Ball, location: 2F 3-2: Foul Ball, location: 2F 3-2: Foul Ball, location: 2F 3-2: Ground out 4-3 (Groundball, 4)
|
Top of the 6th over - 0 runs, 0 hits, 0 errors, 0 left on base; Sunset District 3 - Sioux Falls 3 |
BOTTOM OF THE 6TH |
Sioux Falls Red Pandas batting - Pitching for Sunset District Fog : RHP Luis Flores
|
Batting: LHB Terrence Eler
|
0-0: Ball 1-0: Ball 2-0: Foul Ball, location: 2F 2-1: Foul Ball, location: 2F 2-2: Ground out 5-3 (Groundball, 56S)
|
Pitching: RHP Kendarian Handy-Holly
|
|
Batting: RHB Steve Irwin
|
0-0: Ground out 6-3 (Groundball, 6)
|
Batting: LHB Ramón Félix
|
0-0: Called Strike 0-1: Ball 1-1: Fly out, F9 (Line Drive, 9)
|
Bottom of the 6th over - 0 runs, 0 hits, 0 errors, 0 left on base; Sunset District 3 - Sioux Falls 3 |
TOP OF THE 7TH |
Sunset District Fog batting - Pitching for Sioux Falls Red Pandas : RHP Cris Herrera
|
Pitching: RHP Víctor García
|
|
Batting: RHB Silvian Burger
|
0-0: Foul Ball, location: 2F 0-1: SINGLE (Line Drive, 6D)
|
Batting: RHB Tom Woolever
|
0-0: Called Strike 0-1: Sac Bunt - play at first, batter OUT! 5-4 Silvian Burger to second
|
Batting: RHB Juan Alcocer
|
0-0: Called Strike 0-1: TRIPLE (Line Drive, 89XD) Silvian Burger scores
|
Batting: LHB Tim O'Neal
|
0-0: Ball 1-0: Called Strike 1-1: Called Strike 1-2: Ball 2-2: Ball 3-2: SINGLE (Groundball, 34) Juan Alcocer scores
|
Batting: LHB Ieyoshi Samurakami
|
0-0: Ball 1-0: Ball 2-0: Ball 3-0: Base on Balls Tim O'Neal to second
|
Batting: LHB Ed Berry
|
0-0: Called Strike 0-1: Ball 1-1: Ball 2-1: Ball 3-1: Ground out U3 (Groundball, 34S) Tim O'Neal to third Ieyoshi Samurakami to second
|
Batting: LHB Arnold England
|
0-0: Ball 1-0: Foul Ball, location: 2F 1-1: Called Strike 1-2: Ground out 5-3 (Groundball, 56)
|
Top of the 7th over - 2 runs, 3 hits, 0 errors, 2 left on base; Sunset District 5 - Sioux Falls 3 |
BOTTOM OF THE 7TH |
Sioux Falls Red Pandas batting - Pitching for Sunset District Fog : RHP Kendarian Handy-Holly
|
Batting: LHB Jorge Vélez
|
0-0: SINGLE (Line Drive, 8LM)
|
Batting: RHB Bernardo Herrera
|
0-0: Bunted foul 0-1: Ball 1-1: Sac Bunt - play at first, batter OUT! 3-4 Jorge Vélez to second
|
Batting: RHB Wilfred McLaughlin
|
0-0: Foul Ball, location: 2F 0-1: Ball 1-1: Swinging Strike 1-2: SINGLE (Flyball, 8LM) Jorge Vélez to third Runner from 3rd tries for Home, SAFE, no throw
|
Pinch Hitting: LHB Yun Yen
|
0-0: Called Strike 0-1: Foul Ball, location: 2F 0-2: Ball 1-2: Foul Ball, location: 2F 1-2: Ball 2-2: Ball 3-2: Base on Balls Wilfred McLaughlin to second
|
Batting: RHB Oliver Aranda
|
0-0: Ball 1-0: Foul Ball, location: 2F 1-1: Foul Ball, location: 2F 1-2: Strikes out swinging
|
Batting: RHB Gary Chalmers
|
0-0: Called Strike 0-1: Ball 1-1: 3-RUN HOME RUN (Line Drive, 7LD), Distance : 402 ft
|
Pitching: RHP Pedro Rodríguez
|
|
Batting: LHB Terrence Eler
|
0-0: SOLO HOME RUN (Flyball, 9LD), Distance : 356 ft
|
Batting: RHB Steve Irwin
|
0-0: Called Strike 0-1: Called Strike 0-2: Ball 1-2: Ball 2-2: Ball 3-2: Base on Balls
|
Batting: LHB Ramón Félix
|
0-0: Ball 1-0: Ball 2-0: Ball 3-0: Base on Balls Steve Irwin to second
|
Batting: LHB Jorge Vélez
|
0-0: Ball 1-0: Called Strike 1-1: Ball 2-1: Ball 3-1: Foul Ball, location: 2F 3-2: Strikes out swinging
|
Bottom of the 7th over - 5 runs, 4 hits, 0 errors, 2 left on base; Sunset District 5 - Sioux Falls 8 |
TOP OF THE 8TH |
Sunset District Fog batting - Pitching for Sioux Falls Red Pandas : RHP Víctor García
|
Now at 1B: Yun Yen
|
|
Batting: RHB Gérard Chesnutt
|
0-0: Ground out 5-3 (Groundball, 56)
|
Batting: LHB Jesús De Jesús
|
0-0: Foul Ball, location: 2F 0-1: Ball 1-1: Ground out 4-3 (Groundball, 4)
|
Batting: RHB Silvian Burger
|
0-0: Ball 1-0: Ground out 4-3 (Groundball, 6MS)
|
Top of the 8th over - 0 runs, 0 hits, 0 errors, 0 left on base; Sunset District 5 - Sioux Falls 8 |
BOTTOM OF THE 8TH |
Sioux Falls Red Pandas batting - Pitching for Sunset District Fog : RHP Pedro Rodríguez
|
Batting: RHB Bernardo Herrera
|
0-0: Foul Ball, location: 2F 0-1: SINGLE (Groundball, 56D)
|
Batting: RHB Wilfred McLaughlin
|
0-0: Ball 1-0: Foul Ball, location: 2F 1-1: Called Strike 1-2: Ground out U3 (Groundball, 23) Bernardo Herrera to second
|
Batting: LHB Yun Yen
|
0-0: Swinging Strike 0-1: Called Strike 0-2: Ball 1-2: Foul Ball, location: 2F 1-2: Strikes out looking
|
Batting: RHB Oliver Aranda
|
0-0: Foul Ball, location: 2F 0-1: Foul Ball, location: 2F 0-2: Strikes out looking
|
Bottom of the 8th over - 0 runs, 1 hit, 0 errors, 1 left on base; Sunset District 5 - Sioux Falls 8 |
TOP OF THE 9TH |
Sunset District Fog batting - Pitching for Sioux Falls Red Pandas : RHP Víctor García
|
Batting: RHB Tom Woolever
|
0-0: Called Strike 0-1: Called Strike 0-2: Ball 1-2: Ball 2-2: Ground out 5-3 (Groundball, 56)
|
Batting: RHB Juan Alcocer
|
0-0: Ball 1-0: Foul Ball, location: 2F 1-1: Ball 2-1: Ground out 6-3 (Groundball, 6)
|
Batting: LHB Tim O'Neal
|
0-0: Swinging Strike 0-1: Swinging Strike 0-2: Ball 1-2: Ball 2-2: Ball 3-2: Foul Ball, location: 2F 3-2: Base on Balls
|
Batting: LHB Ieyoshi Samurakami
|
0-0: Ball 1-0: Fly out, F4 (Popup, 4D)
|
Top of the 9th over - 0 runs, 0 hits, 0 errors, 1 left on base; Sunset District 5 - Sioux Falls 8 |
|